 Dungeon Crawl Stone Soup version 0.32-a0-841-g4648e6c457 (webtiles) character file.

Game seed: 7270304158334923094

839 Akrius the Slasher (level 8, -3/60 HPs)
             Began as a Coglin Gladiator on Mar 26, 2024.
             Slain by a gnoll
             ... wielding a +0 spear
             ... led by a gnoll bouda
              (7 damage)
             ... on level 5 of the Dungeon.
             The game lasted 00:11:22 (4690 turns).

Akrius the Slasher (Coglin Gladiator)               Turns: 4690, Time: 00:11:23

Health: -3/60      AC:  4    Str: 15    XL:     8   Next: 0%
Magic:  8/8        EV: 12    Int:  7    God:
Gold:   312        SH:  0    Dex: 18    Spells: 7/7 levels left

rFire   . . .        a - +0 long sword {Yashnoor}
rCold   . . .        j - +2 dagger (venom) {Suchat}
rNeg    . . .        b - +0 leather armour
rPois   .            c - +0 helmet
rElec   .            r - scarf {repulsion}
rCorr   .            (no gloves)
SInv    .            (no boots)
Will    .....        (amulet unavailable)
Stlth   ++           (ring unavailable)
HPRegen 0.30/turn    (ring unavailable)
MPRegen 0.11/turn    (no gizmo)

%: repel missiles
@: about to teleport, weakened, revving
A: off-hand wielding, slow wielding, warmup strikes, no jewellery
a: Invent Gizmo


You were on level 5 of the Dungeon.
You visited 1 branch of the dungeon, and saw 5 of its levels.

You collected 312 gold pieces.

Inventory:

Hand Weapons
 a - a +0 long sword (weapon) {Yashnoor}
 f - a +0 dagger {Kansuke}
 j - a +2 dagger of venom (offhand) {Suchat}
Missiles
 d - 4 throwing nets (quivered)
 e - a javelin
Armour
 b - a +0 leather armour (worn)
 c - a +0 helmet (worn)
 r - a scarf of repulsion (worn)
Wands
 w - a wand of flame (6)
Scrolls
 g - 2 scrolls of teleportation
 h - 6 scrolls of identify {unknown}
 i - a scroll of brand weapon {unknown}
 l - a scroll of poison {unknown}
 p - a scroll of enchant armour {unknown}
 s - a scroll of revelation {unknown}
 v - a scroll of immolation {unknown}
 y - a scroll of butterflies {unknown}
Potions
 k - a potion of brilliance {unknown}
 m - a potion of curing
 n - 2 potions of ambrosia {unknown}
 o - a potion of mutation {unknown}
 q - a potion of magic {unknown}
 t - a potion of resistance {unknown}
 u - a potion of cancellation {unknown}
 x - a potion of heal wounds {unknown}
 z - 2 potions of lignification {unknown}


   Skills:
 + Level 3.8 Fighting
 + Level 2.9(4.5) Short Blades
 + Level 5.9(6.3) Long Blades
 + Level 1.9 Throwing
 + Level 2.6 Armour
 + Level 4.0 Dodging
 + Level 1.1 Stealth


You had 7 spell levels left.
You didn't know any spells.
Your spell library contained the following spells:

 Spells                   Type           Power      Damage    Failure   Level
 Magic Dart               Conj           0%         1d3       50%         1
 Blink                    Tloc           0%         N/A       65%         2
 Call Imp                 Summ           0%         N/A       65%         2


Dungeon Overview and Level Annotations

Branches:
Dungeon (5/15)
 Temple: D:4-7

Altars:
Qazlal
Vehumet
The Shining One


Innate Abilities, Weirdness & Mutations

You can wield a second weapon in your off-hand.
It takes a long time for you to wield or remove held weapons.
Your first few attacks do less damage.
You cannot equip rings or amulets.


Message History

You hit the gnoll but do no damage.
The gnoll is poisoned.
The gnoll misses you. The gnoll hits you with a +0 club.
There are monsters nearby!
You hit the gnoll with your +0 long sword.
The gnoll is heavily wounded.
You closely miss the gnoll with your +2 dagger of venom.
The gnoll completely misses you. The gnoll closely misses you.
The gnoll hits you with a +0 whip. The gnoll hits you with a +0 club!
There are monsters nearby!
You slash the gnoll with your +0 long sword!
You kill the gnoll!
The gnoll closely misses you. The gnoll hits you with a +0 whip.
The gnoll completely misses you.
Your Dodging skill increases to level 4!
You hit the gnoll but do no damage.
The gnoll is poisoned.
You slash the gnoll with your +0 long sword!
The gnoll bouda gazes fiercely through you!
You feel your attacks grow feeble.
The gnoll hits you from afar with a +0 spear.
The gnoll misses you. The gnoll hits you but does no damage.
The gnoll hits you from afar with a +0 spear.
Unknown command.
As you read the scroll of teleportation, it crumbles to dust.
You feel strangely unstable.
You kill the gnoll!
The gnoll bouda hits you with a +0 whip!
* * * LOW HITPOINT WARNING * * *
The gnoll hits you from afar with a +0 spear!
* * * LOW HITPOINT WARNING * * *
The gnoll hits you but does no damage. The gnoll barely misses you.
You have reached level 8!
You feel agile.
You feel better.
The gnoll bouda hits you with a +0 whip.
* * * LOW HITPOINT WARNING * * *
The gnoll hits you from afar with a +0 spear.
* * * LOW HITPOINT WARNING * * *
The gnoll hits you but does no damage.
The gnoll hits you from afar with a +0 spear!
You die...

..).........#
............#
#....#
....<.......#
#....#
............#
#....#
............#
#....#
............#
#J...#
########'####
#gg..#
............#
#)g..#
............#
#@g..#
.##...###..##
#....#
.###########
#?...#
........#
#....#
........#
#....#
#'#######
#....#
.......#
#....#
.......#
#....#
.......#
#....#


You could see a gnoll bouda, a jelly and 3 gnolls.

Vanquished Creatures
  A water moccasin (D:5)
  A black bear (D:5)
  3 phantoms (D:5)
  A hound (D:4)
  A jelly (D:4)
  A gnoll bouda (D:4)
  2 orc priests
  2 iguanas
  A sleepcap (D:5)
  2 gnolls (D:5)
  5 adders
  2 white imps
  2 ufetubi (D:5)
  3 dart slugs
  A ribbon worm (D:2)
  11 orcs
  7 bats
  7 endoplasms
  4 giant cockroaches
  8 goblins
  6 hobgoblins
  4 jackals (D:3)
  6 kobolds
  4 quokkas
  7 ball pythons
  5 frilled lizards
  6 rats
103 creatures vanquished.

Notes
Turn   | Place    | Note
-------+----------+-------------------------------------------
     0 | D:1      | Akrius the Coglin Gladiator began the quest for the Orb.
     0 | D:1      | Reached XP level 1. HP: 16/16 MP: 1/1
   237 | D:1      | Reached XP level 2. HP: 21/22 MP: 2/2
   673 | D:1      | Reached XP level 3. HP: 27/27 MP: 3/3
   866 | D:2      | Upgraded the game from 0.32-a0-834-geaf45d8e21 to
                  | 0.32-a0-841-g4648e6c457
  1292 | D:2      | Reached skill level 1 in Armour
  1417 | D:2      | Reached XP level 4. HP: 34/34 MP: 4/4
  1684 | D:2      | Reached skill level 1 in Short Blades
  2488 | D:3      | Reached XP level 5. HP: 39/39 MP: 5/5
  2664 | D:4      | Found a glowing golden altar of the Shining One.
  2667 | D:4      | Reached skill level 4 in Long Blades
  2667 | D:4      | Found a radiant altar of Vehumet.
  2854 | D:4      | Reached XP level 6. HP: 12/46 MP: 6/6
  3689 | D:5      | Entered Level 5 of the Dungeon
  3868 | D:5      | Reached skill level 5 in Long Blades
  3868 | D:5      | Reached skill level 1 in Stealth
  3868 | D:5      | Reached XP level 7. HP: 44/52 MP: 7/7
  4602 | D:5      | Found a stormy altar of Qazlal.
  4690 | D:5      | Reached XP level 8. HP: 5/60 MP: 8/8
  4690 | D:5      | Slain by a gnoll

Illustrated notes

Levels and vault maps discovered:
D:1:      wheals_arrival_shading, layout_basic, serial_forest,
          infiniplex_forest_clump_small, infiniplex_forest_clump_cross,
          infiniplex_forest_diagonal, infiniplex_forest_lined_4_way,
          infiniplex_forest_clump_curved, infiniplex_forest_clump_double,
          infiniplex_forest_lined_room_2, minmay_tromino_i4
D:2:      layout_basic, nrook_uturn, minmay_door_square
D:3:      layout_basic, st_stairs_12
D:4:      layout_basic, jmf_multi_god_temple, serial_bayou_pond_a, minmay_bent
D:5:      layout_gridville, zin_purify, lemuel_crystal_altar

Skill      XL: |  1  2  3  4  5  6  7 |
---------------+----------------------+-----
Dodging        | 3 4 |  4.0
Armour         | 1 2 |  2.6
Short Blades   | 1 2 |  2.9
Long Blades    | 4 5 |  5.9
Fighting       | 3 |  3.8
Stealth        | 1 |  1.1
Throwing       | |  1.9

Action                     |  1- 3 |  4- 6 |  7- 9 || total
---------------------------+-------+-------+-------++-------
  Melee: Long sword        |    74 |   103 |    45 ||   222
         Dagger            |    69 |   101 |    42 ||   212
    Use: Potion            |       |     1 |     1 ||     2
         Scroll            |       |       |     2 ||     2
   Stab: Sleeping          |     2 |     1 |       ||     3
 Armour: Leather armour    |    35 |    73 |    48 ||   156
  Dodge: Dodged            |    42 |    74 |    42 ||   158
         Repelled          |       |     2 |       ||     2

Table legend: (Time is in decaauts)
 A = Elapsed time spent in this place.
 B = Non-inter-level travel time spent in this place.
 C = Inter-level travel time spent in this place.
 D = Time resting spent in this place.
 E = Time spent auto-exploring this place.
 F = Levels seen in this place.
 G = Mean time per level.
                   A        B        C        D        E       F      G
               +--------+--------+--------+--------+--------+-----+--------+
         Total |   4698 |   4553 |    145 |    430 |   3465 |   5 |  939.6 |
       Dungeon |   4698 |   4553 |    145 |    430 |   3465 |   5 |  939.6 |
               +--------+--------+--------+--------+--------+-----+--------+

Top non-repeatable levels by time:
     D:4: 1084 daAuts
     D:2: 1001 daAuts
     D:5: 998 daAuts
     D:1: 852 daAuts
     D:3: 760 daAuts
